 Dungeon Crawl Stone Soup version 0.22.1-6-g1668fe2 (webtiles) character file.

1782 Inchmeat the Basher (level 9, -4/48 HPs)
             Began as a Gargoyle Gladiator on Feb 7, 2019.
             Slain by an orc warrior
             ... wielding a +0 glaive
              (15 damage)
             ... on level 7 of the Dungeon.
             The game lasted 00:10:52 (8551 turns).

Inchmeat the Basher (Gargoyle Gladiator)            Turns: 8551, Time: 00:10:53

Health: -4/48      AC: 26    Str: 21    XL:     9   Next: 8%
Magic:  9/9        EV:  8    Int:  9    God:
Gold:   359        SH:  0    Dex:  9    Spells: 8/8 levels left

rFire    + . .     SeeInvis .   B - +2 flail (protect)
rCold    + . .     Gourm    .   (no shield)
rNeg     + . .     Faith    .   s - +0 chain mail
rPois    ∞         Spirit   .   c - +0 helmet
rElec    +         Reflect  .   y - +0 cloak
rCorr    .         Harm     .   e - +2 pair of gloves
MR       +....                  (no boots)
Stlth    ..........             (no amulet)
HPRegen  0.16/turn              r - ring of protection from magic
MPRegen  0.11/turn              m - ring of protection from fire

@: protection aura
A: big wings, clumsy 1, cold resistance 1, mutation resistance 1, negative
energy resistance 1, electricity resistance, unbreathing, petrification
resistance, rot immunity, AC +6
a: Fly


You were on level 7 of the Dungeon.
You were not hungry.

You visited 1 branch of the dungeon, and saw 7 of its levels.
You also visited: Sewer.

You collected 465 gold pieces.
You spent 106 gold pieces at shops.

Inventory:

Hand Weapons
 a - a +0 flail
 t - a +1 hunting sling of flaming
 B - a +2 flail of protection (weapon)
Missiles
 d - a throwing net (quivered)
 u - 292 stones
Armour
 c - a +0 helmet (worn)
 e - a +2 pair of gloves (worn)
 s - a +0 chain mail (worn)
 y - a +0 cloak (worn)
Jewellery
 m - a ring of protection from fire (right hand)
 r - a ring of protection from magic (left hand)
 G - an uncursed ring of fire {unknown}
Wands
 z - a wand of polymorph (27)
 E - a wand of flame (33)
Scrolls
 h - 4 scrolls of remove curse {unknown}
 i - a scroll of random uselessness {unknown}
 j - 2 scrolls of enchant weapon {unknown}
 k - a scroll of fear {unknown}
 q - 3 scrolls of enchant armour {unknown}
 v - 5 scrolls of teleportation {unknown}
 F - a scroll of fog
Potions
 b - a potion of lignification
 g - a potion of flight {unknown}
 l - 10 potions of curing
 n - 2 potions of agility {unknown}
 o - 4 potions of haste
 p - a potion of cancellation
 w - 6 potions of heal wounds
 x - a potion of degeneration {unknown}
 A - a potion of might {unknown}
 C - a potion of brilliance {unknown}
 D - a potion of mutation
Comestibles
 f - a ration


   Skills:
 - Level 2.1 Fighting
 + Level 11.6 Maces & Flails
 - Level 1.7 Throwing
 - Level 2.4 Dodging


You had 8 spell levels left.
You didn't know any spells.
Your spell library contained the following spells:

 Spells                   Type           Power        Failure   Level  Hunger
 Magic Dart               Conj           #...         99%         1    ##.....
 Searing Ray              Conj           #.....       100%        2    ###....
 Dazzling Spray           Conj/Hex       #.....       100%        3    ####...
 Force Lance              Conj/Tloc      #.......     100%        4    #####..
 Fulminant Prism          Conj/Hex       #.........   100%        4    #####..
 Iskenderun's Mystic Bla  Conj           #.......     100%        4    #####..


Dungeon Overview and Level Annotations

Branches:
Dungeon (7/15)
 Temple: D:4-7

Altars:
Hepliaklqana
Sif Muna
Xom
Yredelemnul

Shops:
D:4 (


Innate Abilities, Weirdness & Mutations

You are resistant to torment.
Your stone body is resilient. (AC +6)
You are immune to poison.
You resist negative energy. (rN+)
You are resistant to electric shocks. (rElec)
You can survive without breathing.
You are immune to petrification.
You are immune to rotting.
Your large and strong wings let you fly indefinitely.
You are clumsy. (Dex -2)
Your flesh is cold resistant. (rC+)
You are somewhat resistant to further mutation.


Message History

The orc shouts!
You hear a shout!
The orc warrior hits you but does no damage.
The orc warrior hits you but does no damage.
You hit the orc wizard.
Your weapon exudes an aura of protection.
The orc wizard is lightly wounded.
The adder closely misses you.
The orc wizard gestures wildly while chanting.
The orc wizard blinks!
You sock the orc wizard!
The orc wizard is severely wounded.
The adder bites you but does no damage. The orc warrior barely misses you.
The orc priest mumbles some strange prayers to Beogh against you.
Beogh smites you!
* * * LOW HITPOINT WARNING * * *
The orc wizard hits you but does no damage.
The orc priest shouts!
The orc wizard hits you but does no damage.
The orc warrior hits you from afar with a glaive!
You die...

##############
#...o......... ?.
#............. ..
#..###...###. #
#.o# #...# #...# #
#..###...###...###
#Soo...o..........
#@ooo.............
#...o.............
#..###o..###...###
#..# #o..# #...# #
#..# #...###...###
#... .......).....
#.................
#.................
#..###...###...###


You could see 2 orc warriors, 2 orc priests, 2 orc wizards, an adder and 3 orcs.

Vanquished Creatures
  A hippogriff (D:7)
  A hungry ghost (D:7)
  2 ogres
  A big kobold (Sewer)
  3 bullfrogs
  A water moccasin zombie (D:5)
  3 wights (D:7)
  A crimson imp (D:6)
  A bullfrog zombie (D:5)
  A quasit (D:6)
  3 orc wizards
  A bullfrog skeleton (D:7)
  2 jellies (D:2)
  2 orc priests
  A centaur skeleton (D:5)
  5 worker ants
  A hound zombie (D:6)
  A hound skeleton (D:6)
  A worker ant zombie (D:6)
  Robin (D:3)
  10 adders
  2 shadow imps
  3 oozes
  2 worms (D:2)
  2 leopard geckos
  15 orcs
  7 giant cockroaches
  11 goblins
  12 hobgoblins
  3 iguanas
  15 jackals
  4 quokkas
  8 ball pythons
  10 bats
  6 frilled lizards
  26 kobolds
  9 rats
178 creatures vanquished.

Notes
Turn   | Place    | Note
-------+----------+-------------------------------------------
     0 | D:1      | Inchmeat the Gargoyle Gladiator began the quest for the
                  | Orb.
     0 | D:1      | Reached XP level 1. HP: 12/12 MP: 1/1
    93 | D:1      | Reached XP level 2. HP: 17/17 MP: 2/2
   297 | D:1      | Reached skill level 4 in Maces & Flails
   430 | D:1      | Reached XP level 3. HP: 21/21 MP: 3/3
   914 | D:2      | Reached skill level 5 in Maces & Flails
   914 | D:2      | Reached XP level 4. HP: 12/26 MP: 4/4
  1139 | D:2      | Gained mutation: You possess an exceptional clarity of
                  | mind. [potion of mutation]
  1139 | D:2      | Gained mutation: You have a pair of small antennae on your
                  | head. [potion of mutation]
  1139 | D:2      | Gained mutation: Your body sometimes deteriorates upon
                  | taking damage. [potion of mutation]
  1139 | D:2      | Gained mutation: Your large and strong wings let you fly
                  | indefinitely. [potion of mutation]
  1408 | D:2      | Lost mutation: Your body sometimes deteriorates upon taking
                  | damage. [potion of mutation]
  1408 | D:2      | Lost mutation: You have a pair of small antennae on your
                  | head. [potion of mutation]
  1408 | D:2      | Lost mutation: You possess an exceptional clarity of mind.
                  | [potion of mutation]
  1408 | D:2      | Gained mutation: You are clumsy. (Dex -2) [potion of
                  | mutation]
  1408 | D:2      | Gained mutation: You are somewhat resistant to further
                  | mutation. [potion of mutation]
  1408 | D:2      | Gained mutation: Your flesh is cold resistant. (rC+)
                  | [potion of mutation]
  1434 | D:2      | Found a shimmering altar of Xom.
  1488 | D:2      | Reached XP level 5. HP: 26/30 MP: 5/5
  1607 | D:2      | Reached skill level 6 in Maces & Flails
  2369 | D:3      | Reached XP level 6. HP: 24/35 MP: 6/6
  2643 | D:3      | Noticed Robin
  2676 | D:3      | Killed Robin
  3209 | D:4      | Reached skill level 7 in Maces & Flails
  3563 | D:4      | Found Nolydiog's Weapon Boutique.
  3571 | D:4      | Bought a +1 hunting sling of flaming for 106 gold pieces
  4115 | D:4      | Found a shimmering altar of Xom.
  4260 | D:4      | Reached XP level 7. HP: 40/40 MP: 7/7
  4477 | D:5      | Entered Level 5 of the Dungeon
  4634 | D:5      | Reached skill level 8 in Maces & Flails
  6318 | D:6      | Found a glowing drain.
  6324 | D:6      | Reached skill level 9 in Maces & Flails
  6344 | Sewer    | Entered a sewer
  6436 | Sewer    | Reached XP level 8. HP: 44/44 MP: 8/8
  6996 | D:6      | Found a deep blue altar of Sif Muna.
  7143 | D:6      | Reached skill level 10 in Maces & Flails
  7239 | D:6      | Found a hazy altar of Hepliaklqana.
  7549 | D:6      | Found a basalt altar of Yredelemnul.
  8122 | D:7      | Paralysed by fainting for 12 turns
  8163 | D:7      | Reached skill level 11 in Maces & Flails
  8390 | D:7      | Noticed a hippogriff
  8535 | D:7      | Killed a hippogriff
  8535 | D:7      | Reached XP level 9. HP: 33/48 MP: 9/9
  8551 | D:7      | Slain by an orc warrior

Skill      XL: |  1  2  3  4  5  6  7  8 |
---------------+-------------------------+-----
Maces & Flails | 4 5 6 7 9 11 | 11.6
Fighting       | |  2.1
Throwing       | |  1.7
Dodging        | |  2.4

Action                   |  1- 3 |  4- 6 |  7- 9 || total
-------------------------+-------+-------+-------++-------
Melee: Flail             |   133 |   246 |   447 ||   826
 Fire: Hunting sling     |       |     1 |    29 ||    30
Throw: Throwing net      |       |     2 |     2 ||     4
  Use: Potion            |       |     5 |       ||     5
       Scroll            |       |       |     6 ||     6
 Stab: Sleeping          |     1 |       |       ||     1
       Held in net/web   |       |     1 |       ||     1
  Eat: Chunk             |       |     8 |     6 ||    14
       Ration            |       |     1 |     8 ||     9
Armor: Ring mail         |    68 |   135 |       ||   203
       Leather armour    |     3 |       |       ||     3
       Chain mail        |       |    19 |   429 ||   448
Dodge: Dodged            |   113 |   136 |   294 ||   543
